Map: Eternal Empire LE

Players

SpeCial - Winner!

  • Race: Terran Terran
  • Spawn Location: 7:00

Kelazhur

  • Race: Terran Terran
  • League: Master
  • Spawn Location: 1:00

Event: DreamHack SC2 Masters 2020 Summer Latin America

VOD

Have the link to the VOD?

Description

Time

  • Played on: June 28, 2020, 5:20 p.m.
  • Length: 19:03

All games in this series

Show
View Real Time Build Order
Export as new Build Order

SpeCial Terran - Winner!

Build Orders: Gas First Reaper Expand, Mech 

Get SALT Encoding   

  12  0:01  SCV  
  13  0:13  SCV  
  14  0:17  Supply Depot  
  14  0:25  SCV  
  15  0:28  Refinery  
  15  0:38  SCV  
  16  0:44  Barracks  
  16  0:51  SCV  
  17  1:03  SCV  
  18  1:16  SCV  
  19  1:31  Orbital Command  
  19  1:32  Reaper  
  20  1:46  Command Center  
  20  1:59  Factory  
  20  2:00  SCV  
  21  2:07  Reaper  
  22  2:10  Supply Depot  
  22  2:13  SCV  
  23  2:31  SCV  
  23  2:32  Refinery  
  24  2:38  Marine  
  24  2:44  SCV  
  26  2:45  Hellion  
  28  2:56  SCV  
  29  2:58  Orbital Command  
  29  2:59  Barracks Reactor  
  29  3:07  Factory Tech Lab  
  29  3:08  SCV  
  30  3:16  Command Center  
  30  3:21  SCV  
  34  3:27  Cyclone  
  34  3:32  SCV  
  34  3:33  SCV  
  36  3:38  Starport  
  36  3:44  SCV  
  36  3:47  SCV  
  40  3:51  Supply Depot  
  38  3:57  SCV, Barracks Tech Lab  
  38  3:58  Refinery  
  38  3:59  SCV  
  38  4:01  Siege Tank  
  43  4:09  SCV  
  44  4:11  SCV  
  45  4:21  SCV  
  45  4:23  SCV  
  47  4:26  Marine x2  
  47  4:27  Raven, Refinery  
  47  4:29  Orbital Command  
  51  4:33  SCV  
  51  4:35  SCV  
  53  4:42  Supply Depot  
  53  4:43  Siege Tank  
  53  4:44  Marine x2  
  53  4:45  SCV  
  59  4:48  SCV  
  60  4:55  SCV  
  60  4:57  SCV  
  62  5:00  SCV  
  62  5:06  Supply Depot  
  63  5:07  SCV  
  63  5:09  SCV  
  63  5:12  SCV  
  65  5:16  Orbital Command, Siege Tank  
  65  5:17  Supply Depot  
  65  5:20  Viking x2  
  65  5:21  SCV, Marine  
  73  5:24  SCV  
  75  5:34  SCV  
  76  5:36  SCV  
  76  5:44  SCV  
  76  5:46  SCV  
  76  5:48  SCV  
  79  5:50  Viking x2  
  79  5:52  Supply Depot, Engineering Bay  
  79  5:55  Factory  
  79  5:56  SCV  
  84  5:58  SCV  
  84  6:00  Barracks Reactor, SCV  
  84  6:02  Siege Tank  
  89  6:08  SCV  
  89  6:10  SCV  
  91  6:12  SCV  
  91  6:13  Supply Depot  
  91  6:14  Supply Depot  
  91  6:16  Refinery  
  91  6:17  Refinery  
  92  6:20  SCV  
  92  6:22  SCV  
  92  6:24  SCV  
  95  6:27  Viking x2  
  94  6:33  SCV  
  94  6:34  SCV  
  94  6:35  Siege Tank  
  94  6:36  SCV  
  100  6:40  Armory  
  100  6:42  Armory  
  100  6:43  Missile Turret  
  100  6:45  SCV  
  101  6:47  SCV  
  101  6:48  Missile Turret x2  
  101  6:52  SCV  
  102  6:55  Sensor Tower  
  96  7:03  SCV  
  96  7:04  Hellion x2  
  96  7:06  SCV  
  96  7:07  SCV, Siege Tank  
  106  7:10  Missile Turret  
  106  7:15  SCV  
  107  7:18  SCV  
  107  7:19  SCV  
  109  7:24  Factory  
  109  7:26  Hellion x2  
  109  7:27  SCV  
  109  7:29  Armory  
  114  7:30  SCV  
  114  7:33  Viking  
  117  7:37  Terran Vehicle Weapons Level 1  
  117  7:41  Supply Depot  
  117  7:47  SCV x3, Liberator  
  117  7:48  Supply Depot  
  117  7:51  Hellion  
  125  7:52  Supply Depot  
  125  8:02  Factory  
  125  8:03  SCV x2, Factory, Siege Tank  
  125  8:05  Supply Depot  
  130  8:09  Siege Tank  
  133  8:19  Command Center  
  133  8:21  Hellion x2  
  136  8:34  Viking  
  136  8:35  Siege Tank  
  136  8:36  Viking  
  142  8:41  Siege Tank  
  142  8:42  Hellion x2  
  142  8:43  Terran Vehicle And Ship Armor Level 1  
  142  8:46  SCV  
  143  8:53  Factory Reactor, Factory Tech Lab  
  143  8:58  SCV  
  143  9:03  Hellion x2, Infernal Pre-Igniter  
  147  9:11  Supply Depot  
  147  9:12  Supply Depot  
  147  9:13  Supply Depot  
  147  9:15  Siege Tank x3  
  155  9:22  Medivac  
  157  9:29  Supply Depot  
  157  9:30  Supply Depot x2, Medivac  
  157  9:31  Hellion x2  
  163  9:32  Hellion x2  
  167  9:40  Command Center  
  167  9:47  Hellion, Siege Tank  
  167  9:52  Hellion x2  
  176  9:53  SCV x2  
  176  9:54  Hellion x2  
  180  10:03  Planetary Fortress  
  179  10:07  Hellion, Missile Turret  
  179  10:08  Missile Turret  
  179  10:09  Siege Tank  
  179  10:14  Hellion  
  186  10:19  SCV  
  170  10:26  SCV  
  153  10:34  Hellion x2  
  153  10:35  Siege Tank  
  153  10:38  SCV  
  153  10:39  SCV x2  
  153  10:42  Unknown, Sensor Tower  
  156  10:46  Hellion x2  
  156  10:49  Medivac x2  
  164  10:50  Siege Tank  
  164  10:51  SCV, Siege Tank  
  164  10:55  Hellion x2  
  175  10:58  Terran Vehicle Weapons Level 2  
  175  11:06  Terran Vehicle And Ship Armor Level 2  
  175  11:13  Hellion x2, Siege Tank  
  175  11:17  Hellion x2  
  186  11:30  Hellion  
  188  11:35  Hellion x2  
  188  11:38  Hellion  
  194  11:41  Factory  
  194  11:43  Factory  
  194  11:47  Missile Turret  
  194  11:48  Hellion x2  
  188  11:56  Siege Tank  
  180  12:06  Hellion  
  163  12:10  Liberator x2  
  163  12:12  Hellion  
  169  12:22  Siege Tank  
  169  12:29  Siege Tank  
  160  12:36  Orbital Command  
  155  12:45  SCV  
  155  12:47  SCV  
  157  12:54  Hellion x2  
  157  12:55  Siege Tank  
  152  13:00  Hellion  
  149  13:13  SCV  
  149  13:16  SCV x2, Planetary Fortress  
  149  13:19  Viking x2  
  134  13:23  Hellion  
  133  13:27  Siege Tank  
  133  13:29  Factory Tech Lab  
  140  13:41  Hellion x3  
  140  13:42  Sensor Tower  
  142  13:53  Hellion  
  142  13:54  Hellion, Siege Tank  
  118  13:56  Hellion  
  118  13:59  Hellion  
  105  14:05  SCV  
  105  14:06  SCV x2  
  105  14:09  Hellion  
  101  14:14  Hellion  
  100  14:18  SCV x2  
  100  14:20  Sensor Tower  
  100  14:23  Siege Tank  
  105  14:24  SCV  
  105  14:30  SCV  
  107  14:32  SCV  
  107  14:35  Siege Tank  
  107  14:36  Hellion  
  107  14:38  Hellion  
  115  14:42  Sensor Tower  
  115  14:43  SCV  
  116  14:48  Siege Tank  
  116  14:51  SCV x2  
  121  14:55  SCV  
  121  14:59  Siege Tank  
  125  15:07  Siege Tank x2  
  131  15:14  SCV  
  131  15:15  SCV  
  131  15:17  SCV  
  131  15:18  SCV  
  131  15:20  Siege Tank  
  138  15:27  SCV, Hellion  
  141  15:30  SCV  
  141  15:31  Siege Tank  
  141  15:33  Hellion  
  141  15:34  SCV x2  
  143  15:38  Hellion  
  143  15:39  SCV  
  144  15:45  Siege Tank  
  144  15:47  Viking  
  145  15:51  Viking  
  145  15:52  SCV  
  145  15:54  SCV  
  149  15:59  Terran Vehicle And Ship Armor Level 3  
  149  16:02  Refinery  
  149  16:07  Terran Vehicle Weapons Level 3  
  149  16:11  Hellion  
  149  16:14  Hellion x2  
  155  16:20  Siege Tank  
  155  16:21  Siege Tank  
  163  16:26  Hellion  
  163  16:31  Hellion  
  161  16:41  Viking x2  
  162  16:49  Hellion x2  
  162  16:50  Siege Tank  
  162  16:53  Hellion  
  165  16:57  Hellion  
  161  17:03  Hellion  
  161  17:07  Hellion, Siege Tank  
  166  17:10  Hellion  
  166  17:13  Siege Tank  
  169  17:17  Hellion  
  169  17:18  SCV x3  
  169  17:19  Hellion  
  169  17:22  Starport Reactor, Siege Tank  
  176  17:36  Hellion x2  
  178  17:39  Siege Tank  
  178  17:40  Hellion  
  181  17:46  Siege Tank  
  184  17:54  Siege Tank  
  184  17:56  Hellion  
  189  18:00  Hellion x2  
  189  18:01  Viking x2  
  197  18:11  Siege Tank  
  200  18:24  Hellion x3  
  200  18:25  Siege Tank  
  173  18:28  Hellion x2  
  173  18:31  Hellion x2  
Show
View Real Time Build Order
Export as new Build Order

Kelazhur Terran 

Build Orders:  

Get SALT Encoding   

  12  0:00  SCV  
  13  0:13  SCV  
  14  0:17  Supply Depot  
  14  0:25  SCV  
  15  0:39  SCV  
  15  0:41  Barracks  
  16  0:44  Refinery  
  16  0:51  SCV  
  17  0:59  Barracks  
  17  1:03  SCV  
  18  1:15  SCV  
  19  1:28  Reaper, Orbital Command  
  20  1:33  Supply Depot  
  20  1:46  Reaper  
  21  1:54  SCV  
  22  2:04  Reaper  
  22  2:06  SCV  
  24  2:14  Command Center  
  24  2:18  SCV  
  26  2:25  Supply Depot  
  25  2:30  SCV  
  25  2:36  Refinery  
  26  2:38  Marine  
  26  2:41  Marine  
  26  2:42  SCV  
  29  2:50  Factory  
  29  2:54  SCV  
  30  3:06  SCV  
  31  3:13  Barracks Reactor, Barracks Tech Lab  
  31  3:18  SCV  
  32  3:25  Orbital Command  
  32  3:26  Refinery  
  32  3:31  SCV  
  33  3:34  Marine  
  33  3:35  Stimpack  
  34  3:42  Starport  
  34  3:43  SCV  
  35  3:49  Marine x2  
  35  3:50  SCV, Factory Tech Lab  
  35  3:55  SCV  
  39  3:58  Marine  
  40  4:03  SCV  
  40  4:07  SCV, Marine x2  
  40  4:08  Cyclone  
  47  4:15  SCV  
  48  4:18  Supply Depot  
  48  4:19  SCV, Viking  
  51  4:27  SCV  
  51  4:28  Marine x2  
  51  4:29  Supply Depot  
  54  4:39  SCV x2, Marine  
  54  4:41  Supply Depot  
  54  4:42  Siege Tank  
  60  4:46  Engineering Bay  
  60  4:49  Starport Reactor  
  60  4:51  SCV  
  61  4:53  Marine x2  
  61  4:57  Marine  
  61  4:58  SCV  
  65  5:03  SCV, Supply Depot  
  66  5:10  SCV  
  66  5:11  Marine x2  
  66  5:14  Terran Infantry Weapons Level 1, Marine  
  69  5:15  SCV  
  69  5:17  Missile Turret  
  69  5:18  Siege Tank  
  74  5:22  SCV  
  75  5:29  Medivac x2  
  75  5:30  Marine x2  
  75  5:32  SCV  
  75  5:34  Supply Depot  
  75  5:35  Marine  
  82  5:42  SCV  
  83  5:48  Marine x2  
  84  5:53  Marine  
  84  5:55  Supply Depot, Siege Tank  
  88  5:58  SCV  
  88  6:00  Combat Shield  
  89  6:05  SCV  
  89  6:06  Marine  
  89  6:07  Marine  
  89  6:08  Command Center  
  89  6:10  Viking  
  94  6:14  Supply Depot  
  94  6:17  Viking  
  96  6:18  Supply Depot  
  91  6:29  Marine x3  
  91  6:31  Siege Tank  
  97  6:37  SCV  
  97  6:38  SCV  
  99  6:40  Refinery  
  99  6:42  Armory  
  99  6:43  Engineering Bay  
  99  6:50  SCV, Barracks  
  99  6:51  Barracks  
  100  6:54  Marine x2  
  100  6:55  Marine  
  100  6:57  SCV  
  103  7:07  SCV  
  103  7:09  SCV, Terran Infantry Armor Level 1  
  103  7:13  Siege Tank  
  104  7:20  SCV  
  104  7:22  Medivac  
  105  7:23  Marine x2  
  105  7:26  SCV  
  105  7:27  Orbital Command  
  108  7:35  SCV, Missile Turret  
  108  7:37  Terran Infantry Weapons Level 2  
  109  7:38  SCV  
  109  7:40  Marine x2  
  112  7:45  Marine x3  
  112  7:46  Barracks  
  112  7:47  SCV  
  112  7:49  Medivac  
  118  7:55  Medivac  
  121  7:59  Supply Depot  
  121  8:00  SCV x3  
  122  8:06  Barracks Reactor, Barracks Tech Lab  
  122  8:12  SCV x2  
  123  8:13  Marine  
  123  8:14  Marauder, Marine  
  123  8:15  SCV  
  128  8:24  SCV x2  
  130  8:29  Marauder  
  130  8:30  SCV, Supply Depot  
  130  8:33  Supply Depot  
  133  8:35  Supply Depot  
  133  8:38  Marauder  
  133  8:40  Barracks Reactor  
  120  8:51  Marauder, Marine x2  
  120  8:52  Marine x2  
  120  8:53  Concussive Shells, Barracks Tech Lab  
  126  8:58  Siege Tank  
  126  8:59  Marauder  
  126  9:00  Refinery x2  
  126  9:01  Medivac  
  126  9:02  Medivac  
  132  9:04  Command Center  
  130  9:10  Marine x2  
  130  9:11  Marine x2  
  130  9:12  Marauder  
  136  9:20  Marauder x2  
  136  9:21  Missile Turret  
  139  9:30  Marine x4  
  143  9:33  Marauder  
  143  9:34  Medivac x2  
  149  9:41  SCV x3, Marauder  
  149  9:43  Supply Depot, Marauder  
  156  9:46  Terran Infantry Armor Level 2, Barracks  
  156  9:47  Barracks  
  156  9:55  Marauder, Marine  
  156  9:58  Siege Tank  
  161  10:00  Marine x2  
  161  10:01  Marine  
  161  10:02  Marine  
  161  10:07  Medivac x2  
  169  10:08  Marauder  
  170  10:16  Marauder  
  170  10:19  Supply Depot  
  167  10:21  Marauder  
  158  10:30  Marauder  
  158  10:34  Marine x2  
  153  10:35  Siege Tank  
  153  10:42  Barracks Reactor, Barracks Tech Lab  
  156  10:44  SCV x3  
  156  10:46  Unknown  
  156  10:51  Marauder  
  156  10:52  Marauder  
  156  10:56  SCV x2  
  156  10:57  SCV  
  163  10:58  Planetary Fortress  
  163  10:59  Marine  
  163  11:03  Marauder  
  165  11:08  Marine  
  165  11:09  Marauder  
  168  11:12  Medivac  
  168  11:17  Supply Depot, Marauder x2  
  174  11:26  Starport  
  174  11:27  Marauder  
  174  11:28  Starport  
  174  11:31  Marauder  
  178  11:38  Marauder  
  180  11:43  Marauder  
  180  11:46  Marine  
  180  11:47  Marine  
  181  11:48  Marauder  
  181  11:52  Marauder  
  189  12:00  Marauder, Liberator x2  
  174  12:01  Marine  
  174  12:02  Marine x2  
  174  12:04  Marauder  
  174  12:07  Marine  
  166  12:09  Marauder  
  166  12:11  Marine  
  166  12:13  Marauder  
  163  12:21  Marauder  
  151  12:23  Marine  
  151  12:24  Marine  
  151  12:25  Marauder  
  151  12:26  Siege Tank  
  157  12:31  Marauder  
  157  12:35  Marauder, Marine  
  157  12:36  Marine  
  155  12:42  Marauder  
  156  12:47  Marauder  
  156  12:48  Marine x4  
  149  12:52  Marauder  
  149  12:53  Marine  
  149  12:54  Marine  
  149  12:56  Marauder  
  145  13:03  Orbital Command  
  145  13:04  Marauder  
  143  13:06  Marine x2  
  143  13:08  Marauder  
  147  13:13  Marauder  
  147  13:18  Marauder  
  151  13:24  Marine x4  
  151  13:25  Marauder  
  154  13:28  Medivac x2  
  154  13:29  Marauder  
  160  13:35  SCV x2  
  161  13:49  Marauder  
  161  13:50  Marauder  
  161  13:55  Marauder, Marine x3  
  129  14:01  Marine  
  117  14:04  Marine  
  89  14:12  Marauder x3, Marine  
  89  14:13  Marine x2  
  87  14:21  Medivac x2  
  87  14:22  Siege Tank  
  91  14:28  Marauder  
  93  14:33  Marauder, Marine x5  
  93  14:34  Marine  
  93  14:36  Marauder  
  103  14:49  Marauder  
  103  14:51  Marine x2  
  109  14:52  Marine  
  109  14:54  Medivac x2  
  109  14:55  Marauder  
  109  14:59  Marauder, Command Center  
  116  15:06  Marine x3  
  117  15:15  Marine  
  117  15:17  Siege Tank  
  117  15:19  Marauder x2  
  125  15:25  Marauder  
  127  15:31  Marauder, Marine  
  127  15:32  Medivac  
  132  15:40  Marauder  
  134  15:44  Marauder  
  134  15:46  SCV x2, Marauder  
  134  15:47  SCV  
  138  15:50  Marine  
  138  15:51  Marine x4  
  138  15:53  Marauder  
  145  15:58  SCV  
  145  16:02  Marauder  
  148  16:06  Marauder  
  148  16:08  Marauder  
  152  16:15  Marine x3  
  155  16:24  SCV x3  
  158  16:29  Marauder, Marine  
  156  16:36  Marauder  
  133  16:44  Marauder  
  118  16:50  SCV  
  119  17:01  Marauder  
  119  17:04  Marauder  
  121  17:13  Marine  
  121  17:14  Marauder, Marine x2  
  124  17:20  Marauder  
  118  17:25  Starport Tech Lab  
  118  17:29  SCV x3  
  116  17:34  Marauder  
  116  17:40  Marauder  
  117  17:44  SCV x2  
  119  17:51  Marine  
  120  17:58  Marine x3  
  120  17:59  Marine x2  
  120  18:00  SCV x2  
  127  18:07  Marauder  
  127  18:09  Marauder  
  127  18:12  SCV  
  131  18:15  Marauder  
  131  18:16  Marine  
  95  18:28  Marauder, Marine x2  
  95  18:32  Marine  
  95  18:33  Marine x5  
  88  18:36  Marine  
Tags
 
Add a new tag
Caveats
  • Supply blocks, unpowered buildings, or Contaminate may cause inaccurate times.
  • Supply counts are checked every 10 seconds.